 Dungeon Crawl Stone Soup version 0.22-a0-406-g9ff8d77 (webtiles) character file.

11998 George the Carver (level 11, -1/97 HPs)
             Began as a Minotaur Fighter on May 8, 2018.
             Was a Priest of the Shining One.
             Engulfed by an ice statue's freezing vapour (20 damage)
             ... on level 10 of the Dungeon.
             The game lasted 00:26:53 (9269 turns).

George the Carver (Minotaur Fighter)                Turns: 9269, Time: 00:26:54

Health: -1/97      AC: 16    Str: 24    XL:     11   Next: 56%
Magic:  24/24      EV: 15    Int:  7    God:    the Shining One [***...]
Gold:   420        SH: 14    Dex: 17    Spells: 10/10 levels left

rFire    . . .     SeeInvis +   a - +0 long sword
rCold    . . .     Gourm    .   G - +2 shield
rNeg     + . .     Faith    .   r - +3 ring mail of Hypudaus {MR- MP+9 Int+2 Dex+7}
rPois    .         Spirit   .   B - +2 hat
rElec    .         Reflect  .   y - +0 cloak
rCorr    .         Harm     .   k - +0 pair of gloves
MR       .....                  e - +0 pair of boots
Stlth    +.........             (no amulet)
HPRegen  0.26/turn              t - ring of stealth
MPRegen  0.19/turn              x - ring of see invisible

@: glowing
A: retaliatory headbutt, horns 2
a: Divine Shield, Renounce Religion


You were on level 10 of the Dungeon.
You worshipped the Shining One.
The Shining One was most pleased with you.
You were not hungry.

You visited 2 branches of the dungeon, and saw 11 of its levels.
You also visited: Sewer.

You collected 585 gold pieces.
You spent 165 gold pieces at shops.

Inventory:

Hand Weapons
 a - a +0 long sword (weapon)
 j - a +0 rapier
Armour
 e - a +0 pair of boots (worn)
 k - a +0 pair of gloves (worn)
 r - the +3 ring mail of Hypudaus (worn) {MR- MP+9 Int+2 Dex+7}
   (You found it on level 4 of the Dungeon)

   It affects your intelligence (+2).
   It affects your dexterity (+7).
   It affects your resistance to hostile enchantments.
   It affects your magic capacity (+9).
 y - a +0 cloak (worn)
 B - a +2 hat (worn)
 G - a +2 shield (worn)
Jewellery
 p - an uncursed ring of ice
 t - a ring of stealth (left hand)
 x - a ring of see invisible (right hand)
Wands
 b - a wand of enslavement (11)
 c - a wand of disintegration (15)
 s - a wand of flame (46)
 v - a wand of iceblast (15)
Scrolls
 n - a scroll of enchant armour
 o - a scroll of remove curse
 u - a scroll of magic mapping
 w - 4 scrolls of teleportation
 A - 2 scrolls of fear {unknown}
 F - a scroll of torment {unknown}
 H - a scroll of enchant weapon {unknown}
Potions
 g - 5 potions of curing {unknown}
 h - 8 potions of heal wounds {unknown}
 i - 4 potions of lignification {unknown}
 l - 3 potions of flight {unknown}
 m - a potion of berserk rage {unknown}
 q - 3 potions of magic {unknown}
 z - a potion of ambrosia {unknown}
 C - a potion of haste {unknown}
 D - a potion of agility {unknown}
 E - a potion of brilliance {unknown}
Comestibles
 f - 23 rations


   Skills:
 + Level 9.1 Fighting
 + Level 12.1 Long Blades
 + Level 9.2 Armour
 + Level 7.5 Dodging
 + Level 9.1 Shields
 + Level 6.9 Invocations


You had 10 spell levels left.
You didn't know any spells.

Dungeon Overview and Level Annotations

Branches:
Dungeon (10/15)            Temple (1/1) D:4
   Lair: D:8-11         Orc: D:9-12

Altars:
Ashenzari
Cheibriados
Dithmenos
Elyvilon
Fedhas
Gozag
Hepliaklqana
Kikubaaqudgha
Makhleb
Nemelex Xobeh
Okawaru
Qazlal
Ru
Sif Muna
Trog
Uskayaw
Vehumet
Wu Jian
Xom
Yredelemnul
Zin
The Shining One

Shops:
D:5 ?   D:7 [

Annotations:
D:10 exclusion: ice statue


Innate Abilities, Weirdness & Mutations

You reflexively headbutt those who attack you in melee.
You have a pair of horns on your head.


Message History

The ice statue is heavily damaged.
The ice beast closely misses you.
You riposte.
You hit the ice beast.
You kill the ice beast!
The ice statue gestures at you. The shard of ice misses you.
You slash the ice statue! You headbutt the ice statue.
The ice statue is severely damaged.
The ice statue gestures at you. The freezing blast engulfs you!
You hit the ice statue.
You headbutt the ice statue, but do no damage.
The ice statue is severely damaged.
You are engulfed in freezing vapours.
The ice statue gestures at you. The shard of ice hits you!
* * * LOW HITPOINT WARNING * * *
You hit the ice statue but do no damage.
The ice statue is severely damaged.
You are engulfed in freezing vapours.
You die...

#...# #.......(......####.####
#..## #.##.......[............
...# #.#######...#...###.####
).## #.# ##..#...^##.# # .)#
#.# #..#....##.# ## ..# #.#
#..####.##<###. ..# ####.#
####..# #........ ..# #....#
#8#...# ####.##.. ..# #.####
#@##.## #.....
..#####.####.###§##.# ##....
..............#§§§#.# #.###
#.#####.####.##§§§### #.# #.###
#.# ###§....### #.#
#...########.........########(#
#.#.....(...............)..†..#
#.##......................)..##
..############################


You could see an ice statue.

Vanquished Creatures
  Erolcha (D:9)
  4 two-headed ogres
  An unseen horror (D:10)
  Maurice (D:8)
  Joseph (D:8)
  The ghost of KristoblXynda the Ruffian, an amateur TrWz of Ashenzari (D:5)
  A merfolk (D:10)
  The ghost of Curus the Changer, an amateur MfTm (D:3)
  Prince Ribbit (D:4)
  A hippogriff (D:10)
  10 yaks (D:10)
  A wyvern (D:10)
  Eustachio (D:4)
  A soldier ant (D:10)
  Duvessa (D:7)
  4 sky beasts
  4 necrophages (D:10)
  An orc warrior (D:9)
  2 ice beasts
  6 ogres
  2 phantoms (D:10)
  3 centaurs
  Blork the orc (D:5)
  2 big kobolds
  5 bullfrogs
  Dowan (D:7)
  3 scorpions
  3 wights (D:7)
  3 howler monkeys
  3 crimson imps
  2 centaur zombies
  4 hounds
  6 jellies
  Crazy Yiuf (D:5)
  7 orc priests
  A bullfrog skeleton (D:4)
  An iguana (D:5)
  11 orc wizards
  5 worker ants
  A hound skeleton (D:10)
  A howler monkey zombie (D:7)
  A worker ant zombie (D:10)
  6 gnolls
  11 adders
  A river rat (Sewer)
  A shadow imp (D:5)
  An adder skeleton (D:4)
  2 worms (D:3)
  3 dart slugs
  6 leopard geckos
  33 orcs
  9 bats
  3 giant cockroaches
  6 goblins
  9 hobgoblins
  A jackal (Sewer)
  9 kobolds
  3 quokkas
  A ball python (D:2)
  6 frilled lizards
  A jackal zombie (D:7)
  15 rats
238 creatures vanquished.

Notes
Turn   | Place    | Note
-------+----------+-------------------------------------------
     0 | D:1      | George the Minotaur Fighter began the quest for the Orb.
     0 | D:1      | Reached XP level 1. HP: 19/19 MP: 0/0
   158 | D:1      | Reached skill level 3 in Long Blades
   324 | D:1      | Reached XP level 2. HP: 20/26 MP: 1/1
   893 | D:2      | Reached skill level 4 in Long Blades
   893 | D:2      | Reached XP level 3. HP: 25/31 MP: 2/2
  1525 | D:2      | Reached skill level 5 in Long Blades
  1681 | D:3      | Noticed Curus's ghost (amateur MfTm)
  1692 | D:3      | Reached XP level 4. HP: 20/39 MP: 3/3
  1726 | D:3      | Killed Curus's ghost
  1726 | D:3      | Reached skill level 7 in Long Blades
  1726 | D:3      | Reached XP level 5. HP: 5/45 MP: 4/4
  1726 | D:3      | Reached XP level 6. HP: 6/51 MP: 5/5
  1761 | D:3      | Found a glowing drain.
  1802 | Sewer    | Entered a sewer
  2094 | Sewer    | Reached skill level 8 in Long Blades
  2123 | Sewer    | Found a glowing silver altar of Zin.
  2230 | D:3      | Found a white marble altar of Elyvilon.
  2707 | D:4      | Noticed Eustachio
  2732 | D:4      | Killed Eustachio
  2732 | D:4      | Reached skill level 9 in Long Blades
  2732 | D:4      | Reached XP level 7. HP: 51/57 MP: 6/6
  2768 | D:4      | Found a staircase to the Ecumenical Temple.
  2785 | Temple   | Entered the Ecumenical Temple
  2793 | Temple   | Became a worshipper of the Shining One
  2964 | D:4      | Got a smoking ring mail
  2975 | D:4      | Identified the +3 ring mail of Hypudaus {MR- MP+9 Int+2 Dex+7} (You found it on level 4 of the Dungeon)
  3029 | D:4      | Reached skill level 1 in Dodging
  3053 | D:4      | Reached skill level 1 in Invocations
  3328 | D:5      | Entered Level 5 of the Dungeon
  3419 | D:5      | Noticed Prince Ribbit
  3428 | D:5      | Noticed KristoblXynda's ghost (amateur TrWz)
  3655 | D:4      | Killed Prince Ribbit
  3655 | D:4      | Reached XP level 8. HP: 38/67 MP: 8/8
  3867 | D:5      | Killed KristoblXynda's ghost
  3867 | D:5      | Reached skill level 5 in Armour
  3874 | D:4      | Reached skill level 5 in Fighting
  3874 | D:4      | Reached skill level 5 in Shields
  4113 | D:5      | Found a sacrificial altar of Ru.
  4118 | D:5      | Reached skill level 10 in Long Blades
  4161 | D:5      | Noticed Blork the orc
  4168 | D:5      | Killed Blork the orc
  4333 | D:5      | Found a runed door.
  4409 | D:5      | Found Dophucse's Magic Scroll Boutique.
  4417 | D:5      | Bought a scroll of blinking for 75 gold pieces
  4417 | D:5      | Bought 3 scrolls of teleportation for 90 gold pieces
  4795 | D:5      | Noticed Crazy Yiuf
  4801 | D:5      | Killed Crazy Yiuf
  4811 | D:5      | Got a scorched mace
  5082 | D:6      | Reached * piety under the Shining One
  5088 | D:6      | Reached XP level 9. HP: 54/75 MP: 10/10
  5274 | D:6      | Identified the cursed +1 mace of the Mushroom {crush, rPois Str+3} (You found it on level 5 of the Dungeon)
  5564 | D:7      | Found Nangewig's Antique Armour Shoppe.
  5637 | D:7      | Found a bloodstained altar of Trog.
  5794 | D:7      | Noticed Duvessa
  5794 | D:7      | Noticed Dowan
  5803 | D:7      | Killed Duvessa
  5808 | D:7      | Killed Dowan
  6213 | D:8      | Noticed a two-headed ogre
  6241 | D:7      | HP: 3/78 [two-headed ogre/giant club (9)]
  6585 | D:7      | Killed a two-headed ogre
  6585 | D:7      | Reached skill level 5 in Dodging
  6647 | D:8      | Noticed Maurice
  6792 | D:8      | Killed Maurice
  6792 | D:8      | Reached XP level 10. HP: 80/86 MP: 12/12
  6815 | D:8      | Reached skill level 11 in Long Blades
  6815 | D:8      | Reached skill level 5 in Invocations
  6837 | D:8      | Reached ** piety under the Shining One
  7016 | D:8      | Noticed Joseph
  7029 | D:8      | Killed Joseph
  7464 | D:9      | Noticed a two-headed ogre
  7472 | D:9      | Killed a two-headed ogre
  7479 | D:9      | Noticed Erolcha
  7491 | D:9      | Killed Erolcha
  8347 | D:10     | Entered Level 10 of the Dungeon
  8347 | D:10     | Noticed a two-headed ogre
  8356 | D:10     | Killed a two-headed ogre
  8426 | D:10     | Reached XP level 11. HP: 88/94 MP: 14/14
  8510 | D:10     | Noticed a two-headed ogre
  8520 | D:10     | Killed a two-headed ogre
  8640 | D:10     | Noticed an unseen horror
  8640 | D:10     | Reached *** piety under the Shining One
  8657 | D:10     | Killed an unseen horror
  8792 | D:10     | Reached skill level 12 in Long Blades
  8836 | D:10     | Got a heavily runed ring mail
  8847 | D:10     | Identified the +2 ring mail "Cizecwux" {rElec rN++ rCorr Str-5} (You found it on level 10 of the Dungeon)
  8891 | D:10     | Got a twisted chain mail
  8902 | D:10     | Identified the cursed +0 chain mail of Wiwnuby {-Tele rElec Stlth+} (You found it on level 10 of the Dungeon)
  9269 | D:10     | Engulfed by an ice statue's freezing vapour

Vault maps used:
D:1:      eino_arrival_cavern_e
D:2:      serial_bayou_crossing
D:3:      cheibrodos_sewer_entry_sluice, minivault_23, elyvilon_altar_4
D:4:      temple_statues, first_ration, uniq_eustachio
D:5:      serial_shops, shop, nicolae_ru_awakened_eye, uniq_prince_ribbit1,
          uniq_crazy_yiuf_cottage, uniq_blork_the_orc
D:7:      old_standard_altar, serial_shops, nicolae_shop_crystal, uniq_duvessa
D:8:      cheibrodos_helix_gallery, uniq_joseph, uniq_maurice
D:9:      hangedman_corner_corridor, uniq_erolcha
D:10:     minmay_statue_hallways, hangedman_fish_farm
Temple:   dpeg_three_leaves_temple
Sewer:    sewer_kobolds

Skill      XL: |  1  2  3  4  5  6  7  8  9 10 11 |
---------------+----------------------------------+-----
Long Blades    | 3 4 5 7 9 10 11 12 | 12.1
Dodging        | 2 3 5 6 7 |  7.5
Fighting       | 4 5 7 8 9 |  9.1
Armour         | 4 5 7 8 9 |  9.2
Shields        | 4 5 7 8 9 |  9.1
Invocations    | 1 3 4 6 |  6.9

Action                   |  1- 3 |  4- 6 |  7- 9 | 10-12 || total
-------------------------+-------+-------+-------+-------++-------
Melee: Long sword        |    98 |   136 |   232 |   289 ||   755
       Headbutt          |    13 |    21 |    70 |   104 ||   208
Evoke: Wand              |       |       |     9 |       ||     9
  Use: Scroll            |     3 |       |     4 |     3 ||    10
       Potion            |       |     1 |       |     1 ||     2
  Eat: Chunk             |     2 |     4 |    11 |    10 ||    27
Armor: Scale mail        |    22 |       |       |       ||    22
       Chain mail        |    19 |    77 |     3 |       ||    99
       Ring mail         |       |       |    55 |    56 ||   111
Dodge: Dodged            |    33 |    30 |    62 |   100 ||   225
Block: Shield            |    54 |    60 |   104 |   130 ||   348
       Rpst.: Long sword |     5 |     2 |    17 |    26 ||    50

Table legend:
 A = Spawn XP
 B = Non-spawn XP
 C = Spawn XP percentage of total XP
 D = Spawn monster count
 E = Non-spawn monster count
 F = Spawn count percentage of total count
 G = Total turns spent on level
                    A         B        C        D         E        F      G
               +---------+---------+-------+---------+---------+-------+---------
         Total |       0 |   17140 |   0.0 |       0 |     238 |   0.0 |  9269
               +---------+---------+-------+---------+---------+-------+---------
           D:1 |       0 |      14 |   0.0 |       0 |       7 |   0.0 |   785
           D:2 |       0 |      71 |   0.0 |       0 |      20 |   0.0 |   832
           D:3 |       0 |     377 |   0.0 |       0 |      37 |   0.0 |   725
           D:4 |       0 |    1173 |   0.0 |       0 |      18 |   0.0 |  1101
           D:5 |       0 |     698 |   0.0 |       0 |      10 |   0.0 |   989
           D:6 |       0 |     784 |   0.0 |       0 |      19 |   0.0 |   672
           D:7 |       0 |    2013 |   0.0 |       0 |      24 |   0.0 |  1187
           D:8 |       0 |    1825 |   0.0 |       0 |      24 |   0.0 |   548
           D:9 |       0 |    2721 |   0.0 |       0 |      28 |   0.0 |  1061
          D:10 |       0 |    7342 |   0.0 |       0 |      40 |   0.0 |   922
         Sewer |       0 |     122 |   0.0 |       0 |      11 |   0.0 |   365
               +---------+---------+-------+---------+---------+-------+---------
